Map: Data-C

Players

LunaSea

  • Race: Protoss Protoss
  • Spawn Location: 3:00

PattyMac - Winner!

  • Race: Protoss Protoss
  • Spawn Location: 9:00

Event: DreamHack SC2 Masters 2022 Atlanta (Offline)

VOD

Have the link to the VOD?

Description

Time

  • Played on: Nov. 18, 2022, 11:34 a.m.
  • Length: 6:00

All games in this series

Show
View Real Time Build Order
Export as new Build Order

LunaSea Protoss 

Build Orders: Oracle Opening 

Get SALT Encoding   

  12  0:00  Probe  
  13  0:12  Probe  
  14  0:17  Pylon  
  14  0:24  Probe (Chrono Boost)  
  15  0:36  Probe (Chrono Boost)  
  15  0:38  Gateway  
  16  0:45  Probe (Chrono Boost)  
  16  0:47  Assimilator  
  17  0:51  Probe  
  18  1:03  Probe  
  19  1:04  Assimilator  
  19  1:06  Pylon  
  19  1:15  Probe  
  20  1:27  Probe  
  20  1:28  Cybernetics Core  
  21  1:34  Zealot  
  21  1:39  Probe  
  24  1:51  Probe  
  24  1:54  Pylon  
  25  2:04  Stargate  
  25  2:12  Cybernetics Core  
  25  2:14  Probe  
  25  2:15  Stalker (Chrono Boost)  
  28  2:25  Pylon  
  28  2:31  Warp Gate  
  27  2:48  Nexus  
  27  2:53  Oracle (Chrono Boost)  
  30  3:03  Shield Battery  
  30  3:07  Probe  
  31  3:14  Stalker (Chrono Boost)  
  33  3:27  Twilight Council  
  33  3:35  Shield Battery  
  29  3:57  Probe  
  31  4:10  Probe  
  31  4:18  Gateway  
  31  4:21  Stalker  
  33  4:34  Pylon  
  33  4:40  Gateway  
  33  4:42  Probe  
  26  5:00  Pylon  
  25  5:10  Probe  
  26  5:15  Pylon  
  26  5:17  Gateway, Stalker  
  25  5:30  Pylon  
  25  5:36  Pylon  
  19  5:55  Stalker  
Show
View Real Time Build Order
Export as new Build Order

PattyMac Protoss - Winner!

Build Orders: Oracle Opening 

Get SALT Encoding   

  12  0:00  Probe  
  13  0:12  Probe  
  14  0:17  Pylon  
  14  0:24  Probe (Chrono Boost)  
  15  0:36  Probe (Chrono Boost)  
  15  0:38  Gateway  
  16  0:44  Probe (Chrono Boost)  
  16  0:47  Assimilator  
  17  0:51  Probe  
  18  0:57  Assimilator  
  18  1:03  Probe (Chrono Boost)  
  19  1:06  Pylon  
  20  1:12  Probe (Chrono Boost)  
  20  1:17  Probe (Chrono Boost)  
  21  1:26  Cybernetics Core  
  21  1:29  Probe  
  21  1:32  Zealot  
  24  1:41  Probe  
  25  1:55  Probe  
  26  2:01  Stalker (Chrono Boost), Pylon  
  28  2:15  Stargate  
  28  2:17  Probe  
  28  2:22  Warp Gate  
  29  2:30  Stalker  
  29  2:31  Probe  
  31  2:53  Nexus  
  31  2:58  Oracle (Chrono Boost)  
  34  3:09  Shield Battery  
  34  3:16  Gateway  
  34  3:17  Probe  
  35  3:25  Pylon  
  35  3:35  Oracle  
  38  3:54  Probe  
  32  4:09  Probe  
  32  4:14  Stalker x2  
  36  4:19  Probe  
  36  4:22  Probe  
  38  4:31  Probe  
  38  4:37  Probe  
  38  4:40  Stalker x2  
  42  4:52  Probe  
  43  4:55  Probe  
  44  5:04  Probe (Chrono Boost)  
  44  5:07  Stalker x2  
  44  5:08  Probe (Chrono Boost)  
  49  5:15  Robotics Facility  
  49  5:19  Shield Battery  
  49  5:30  Stalker x2  
  53  5:41  Probe x2  
  53  5:46  Assimilator  
  55  5:58  Stalker x2  
Tags
 
Add a new tag
Caveats
  • Supply blocks, unpowered buildings, or Contaminate may cause inaccurate times.
  • Supply counts are checked every 10 seconds.